 Dungeon Crawl Stone Soup version 0.19.1-1-g22dce08 (webtiles) character file.

583 ponk the Chopper (level 7, 0/91 HPs)
             Began as a Hill Orc Berserker on Jan 8, 2017.
             Was a Priest of Trog.
             Succumbed to an orc wizard's poison
             ... on level 4 of the Dungeon.
             The game lasted 00:09:44 (2638 turns).

ponk the Chopper (Hill Orc Berserker)               Turns: 2638, Time: 00:09:45

Health: 0/91       AC: 12    Str: 25    XL:     7   Next: 37%
Magic:  7/7        EV:  9    Int:  7    God:    Trog [***...]
Gold:   182        SH:  0    Dex: 12    Spells: 0 memorised, 6 levels left

rFire  . . .     SeeInvis .     a - +1 hand axe
rCold  . . .     Gourm    .     u - +0 chain mail
rNeg   . . .     Faith    .     (no shield)
rPois  .         Spirit   .     (no helmet)
rElec  .         Reflect  .     (no cloak)
rCorr  .         Harm     .     k - +0 pair of gloves
MR     .....                    (no boots)
Stlth  ..........               (no amulet)
                                (no ring)
                                d - +2 ring of protection

@: berserking (expiring), lethally poisoned (0 -> -25), slowed
A: no striking features
a: Berserk, Trog's Hand, Burn Spellbooks, Renounce Religion


You were on level 4 of the Dungeon.
You worshipped Trog.
Trog was most pleased with you.
You were hungry.

You visited 1 branch of the dungeon, and saw 4 of its levels.

You collected 182 gold pieces.

Inventory:

Hand Weapons
 a - a +1 hand axe (weapon)
Armour
 k - a +0 pair of gloves (worn)
 u - a +0 chain mail (worn)
Jewellery
 d - a +2 ring of protection (left hand)
 h - an uncursed amulet of magic regeneration
Wands
 r - a wand of paralysis (10/24)
 t - a wand of confusion (20/48)
Scrolls
 e - a scroll of enchant weapon
 i - a scroll of enchant armour
 l - a scroll of immolation {unknown}
 m - a scroll of fog {unknown}
 o - a scroll of amnesia {unknown}
 w - a scroll of identify
 x - a scroll of magic mapping {unknown}
Potions
 b - 3 potions of curing {unknown}
 j - a potion of heal wounds {unknown}
 n - a potion of agility {unknown}
 s - a potion of cancellation {unknown}
Books
 g - a book of Conjurations

   Spells                             Type                      Level
   a - Magic Dart                     Conjuration                  1
   b - Searing Ray                    Conjuration                  2
   c - Dazzling Spray                 Conjuration/Hexes            3
   d - Fulminant Prism                Conjuration/Hexes            4
   e - Iskenderun's Mystic Blast      Conjuration                  4
   f - Iskenderun's Battlesphere      Conjuration/Charms           5
   Trog disapproves of the use of such an item.
Comestibles
 c - 2 bread rations
 f - a beef jerky
 p - a slice of pizza
 q - a meat ration
 v - 6 chunks of flesh


   Skills:
 + Level 5.0 Fighting
 + Level 7.5 Axes
 + Level 4.4 Armour
 * Level 3.3 Dodging
 + Level 0.1 Stealth


You had 6 spell levels left.
You didn't know any spells.

Dungeon Overview and Level Annotations

Branches:
Dungeon (4/15)
 Temple: D:4-7

Altars:
Gozag
Ru


Message History

You hit the orc.
* * * LOW HITPOINT WARNING * * *
You feel sick.
The orc wizard gestures at you while chanting.
The magic dart hits you!
* * * LOW HITPOINT WARNING * * *
The orc hits you but does no damage.
Your chain mail prevents you from hitting the orc wizard.
The orc wizard is almost dead.
You hit the orc but do no damage.
* * * LOW HITPOINT WARNING * * *
You feel sick.
The orc wizard hits you but does no damage.
You are more poisoned.
The orc hits you but does no damage.
The orc wizard casts a spell.
You closely miss the orc wizard.
The orc wizard is almost dead.
You hit the orc.
You die...

........ ........###
## ..... ..#
..%###...# #.#
.......# #[#####
#..oo# #.....########
#.#.# #........<....
#...#####..###########
###oo@o...## ####.####
##########.#
...........#
############


You could see an orc wizard and 2 orcs.

Vanquished Creatures
  The ghost of ponk the Sneak, an amateur OpAs (D:4)
  2 phantoms
  An orc priest (D:4)
  A hound (D:4)
  A worker ant (D:4)
  5 adders
  2 oozes (D:2)
  An adder skeleton (D:4)
  2 worms (D:3)
  A dart slug (D:3)
  4 leopard geckos
  11 orcs
  6 bats
  3 giant cockroaches
  4 goblins
  6 hobgoblins
  5 quokkas
  2 ball pythons (D:3)
  A frilled lizard (D:3)
  8 kobolds
  5 rats
72 creatures vanquished.

Notes
Turn   | Place    | Note
-------+----------+-------------------------------------------
     0 | D:1      | ponk the Hill Orc Berserker began the quest for the Orb.
     0 | D:1      | Reached XP level 1. HP: 19/19 MP: 1/1
   673 | D:2      | Reached XP level 2. HP: 27/27 MP: 2/2
   827 | D:2      | Reached XP level 3. HP: 25/33 MP: 3/3
   923 | D:2      | Reached skill level 5 in Axes
   933 | D:2      | Reached ** piety under Trog
  1157 | D:2      | You fall through a shaft!
  1207 | D:3      | Reached XP level 4. HP: 39/40 MP: 4/4
  1791 | D:3      | Noticed a phantom
  1813 | D:3      | Killed a phantom
  1813 | D:3      | Reached skill level 6 in Axes
  1813 | D:3      | Reached XP level 5. HP: 16/47 MP: 5/5
  2074 | D:3      | Found a sacrificial altar of Ru.
  2358 | D:4      | Reached XP level 6. HP: 39/53 MP: 6/6
  2385 | D:4      | Found an opulent altar of Gozag.
  2402 | D:4      | Noticed ponk's ghost (amateur OpAs)
  2421 | D:4      | Killed ponk's ghost
  2421 | D:4      | Reached skill level 7 in Axes
  2421 | D:4      | Reached XP level 7. HP: 50/60 MP: 7/7
  2493 | D:4      | Reached skill level 5 in Fighting
  2497 | D:4      | Reached *** piety under Trog
  2636 | D:4      | HP: 4/91 [orc wizard/magic dart (1)]
  2638 | D:4      | Succumbed to an orc wizard's poison

Skill      XL: |  1  2  3  4  5  6  7 |
---------------+----------------------+-----
Fighting       | 4 5 |  5.0
Dodging        | 2 3 |  3.3
Axes           | 5 6 7 |  7.5
Armour         | 3 4 |  4.4
Stealth        | |  0.1

Action                   |  1- 3 |  4- 6 |  7- 9 || total
-------------------------+-------+-------+-------++-------
Melee: Hand axe          |   113 |   156 |    71 ||   340
Invok: Berserk           |       |     2 |     1 ||     3
  Use: Scroll            |     1 |     3 |       ||     4
 Stab: Sleeping          |     1 |       |       ||     1
  Eat: Chunk             |     1 |     5 |     2 ||     8
Armor: Animal skin       |     1 |       |       ||     1
       Ring mail         |    63 |    13 |       ||    76
       Chain mail        |       |    52 |    42 ||    94
       Skin              |       |     4 |       ||     4
Dodge: Dodged            |    88 |    52 |    26 ||   166
